 Dungeon Crawl Stone Soup version 0.30-a0-778-g2ef04afb54 (webtiles) character file.

Game seed: 16464734309104542458

124 elagabalus the Conjurer (level 4, 0/33 HPs)
             Began as a Draconian Fire Elementalist on Feb 16, 2023.
             Slain by Ijyb
             ... wielding a +0 dagger
              (3 damage)
             ... on level 4 of the Dungeon.
             The game lasted 00:27:07 (2220 turns).

elagabalus the Conjurer (DrFE)                      Turns: 2220, Time: 00:27:08

Health: 0/33       AC:  5    Str: 11    XL:     4   Next: 81%
Magic:  3/7        EV: 12    Int: 17    God:
Gold:   81         SH:  0    Dex: 11    Spells: 0/7 levels left

rFire   . . .      SeeInvis .    d - staff of conjuration
rCold   . . .      Faith    .    (no shield)
rNeg    . . .      Spirit   .    (body armour unavailable)
rPois   .          Reflect  .    (helmet restricted)
rElec   .          Harm     .    (no cloak)
rCorr   .          Rampage  .    (no gloves)
Will    .....                    (no boots)
Stlth   ++                       j - amulet of regeneration
HPRegen 1.05/turn                (no ring)
MPRegen 0.10/turn                (no ring)

@: very slightly contaminated
A: AC +5, unfitting armour, cold-blooded
a: no special abilities


You were on level 4 of the Dungeon.
You visited 2 branches of the dungeon, and saw 5 of its levels.

You collected 81 gold pieces.

Inventory:

Missiles
 g - 4 boomerangs of dispersal
Magical Staves
 d - a staff of conjuration (weapon)
Jewellery
 j - an amulet of regeneration (around neck)
Potions
 a - 2 potions of magic
 c - 3 potions of curing
 e - a potion of might {unknown}
 f - a potion of haste {unknown}
 h - 2 potions of heal wounds {unknown}
 i - a potion of degeneration {unknown}
 l - a potion of flight {unknown}


   Skills:
 - Level 2.1 Dodging
 - Level 2.0 Stealth
 - Level 2.0 Spellcasting
 - Level 4.0 Conjurations
 * Level 3.5 Fire Magic


You couldn't memorise any spells.
You knew the following spells:

 Your Spells              Type           Power      Damage    Failure   Level
a - Foxfire               Conj/Fire      84%        2x1d8     4%          1
b - Scorch                Fire           26%        2d6       7%          2
c - Flame Wave            Conj/Fire      21%        2d8       38%         4

Your spell library contained the following spells:

 Spells                   Type           Power      Damage    Failure   Level
 Inner Flame              Hex/Fire       7%         N/A       28%         3
 Kindle Blastsparks       Fire/Tloc/Air  10%        2d10      34%         3


Dungeon Overview and Level Annotations

Branches:
Dungeon (4/15)             Temple (1/1) D:4

Altars:
Ashenzari
Cheibriados
Fedhas
Gozag
Kikubaaqudgha
Makhleb
Okawaru
Qazlal
Trog
Wu Jian
Yredelemnul
Zin
The Shining One

Shops:
D:3 [

Annotations:
D:4 Ijyb


Innate Abilities, Weirdness & Mutations

Your plain brown scales are hard. (AC +5)
You cannot fit into any form of body armour.
You are cold-blooded and may be slowed by cold attacks.


Message History

You feel a surge of power!
You conjure some foxfire!
Ijyb hits you with a +0 dagger.
Casting: Foxfire (safe; 4% risk of failure)
Press: ? - help, Q - select action, (/) - cycle Dir - look around, f - activate You feel a surge of power!
You conjure some foxfire!
The foxfire hits Ijyb but does no damage.
Ijyb is heavily wounded.
The foxfire hits Ijyb but does no damage.
Ijyb is heavily wounded.
Ijyb zaps a wand.
The puff of flame hits you.
Casting: Foxfire (safe; 4% risk of failure)
Press: ? - help, Q - select action, (/) - cycle Dir - look around, f - activate You feel a surge of power!
You conjure some foxfire!
The foxfire hits Ijyb but does no damage.
Ijyb is heavily wounded.
The foxfire hits Ijyb but does no damage.
Ijyb is heavily wounded.
Ijyb hits you with a +0 dagger.
* * * LOW HITPOINT WARNING * * *
Found a scroll of identify.
The foxfire hits Ijyb but does no damage.
Ijyb is heavily wounded.
The foxfire hits Ijyb but does no damage.
Ijyb is heavily wounded.
Ijyb zaps a wand.
The puff of flame hits you!
* * * LOW HITPOINT WARNING * * *
You feel better.
You aren't carrying any scrolls.
Magic courses through your body. Ijyb hits you with a +0 dagger.
Casting: Foxfire (safe; 4% risk of failure)
Confirm with . or Enter, or press ? or * to list all spells.
The spell is extremely dangerous to miscast (38% risk of failure)!
Continue anyway?
Casting: Flame Wave (extremely dangerous; 38% risk of failure)
Press: ? - help, Dir - look around, f - activate You feel a surge of power!
You miscast Flame Wave.
You are very lightly contaminated with residual magic.
You are blasted with magical energy!
* * * LOW HITPOINT WARNING * * *
Ijyb hits you with a +0 dagger.
You die...

..............##.......
..............##......#
..............##.......
#.............##.....#.
.............##.......
.............#.....#..
#..#........#...#....
#.g......#.#.....>
#@##+#+#.....#.... #.#
#.###...#.. #.# ....
#.#.... ..#
###.#.#.#..#. .?#
....#.#.... ...# #.# #
#...# ...# #.# #.#....
#...# #+ #.#..#.
#.#..#.


You could see Ijyb.

Vanquished Creatures
  5 adders
  4 worms (D:2)
  A dart slug (D:2)
  An orc (D:3)
  7 ball pythons
  5 bats
  7 endoplasms
  2 giant cockroaches
  7 goblins
  5 hobgoblins
  6 jackals
  A quokka (D:1)
  4 frilled lizards (D:2)
  4 kobolds (D:2)
  A rat (D:1)
60 creatures vanquished.

Vanquished Creatures (collateral kills)
  4 foxfires (D:1)
4 creatures vanquished.

Vanquished Creatures (others)
  2 demonic plants (D:1)
  176 foxfires
  3 fungi (D:1)
  24 plants (D:1)
205 creatures vanquished.

Grand Total: 269 creatures vanquished

Notes
Turn   | Place    | Note
-------+----------+-------------------------------------------
     0 | D:1      | elagabalus the Draconian Fire Elementalist began the quest
                  | for the Orb.
     0 | D:1      | Reached XP level 1. HP: 14/14 MP: 3/3
   116 | D:1      | Found a faded altar of an unknown god.
   226 | D:1      | Reached skill level 2 in Conjurations
   231 | D:1      | Reached XP level 2. HP: 15/20 MP: 0/5
   387 | D:1      | Learned a level 2 spell: Scorch
   858 | D:2      | Identified a scroll of acquirement
   858 | D:2      | Acquired a staff of conjuration
   948 | D:2      | Reached skill level 3 in Conjurations
   970 | D:2      | Reached XP level 3. HP: 26/26 MP: 2/6
  1333 | D:2      | Reached XP level 4. HP: 33/33 MP: 1/7
  1338 | D:2      | Learned a level 4 spell: Flame Wave
  1647 | D:3      | Reached skill level 4 in Conjurations
  1687 | D:3      | Found Ysogex's Antique Armour Shop.
  1793 | D:3      | You fall into a shaft and drop 1 floor!
  2055 | D:4      | Found a staircase to the Ecumenical Temple.
  2066 | Temple   | Entered the Ecumenical Temple
  2202 | D:4      | Noticed Ijyb
  2220 | D:4      | Slain by Ijyb

Illustrated notes

Levels and vault maps discovered:
D:1:      roderic_crop_circles_arrival_small, layout_loops_cross,
          shapermc_ecumenical_altar_gd
D:2:      minmay_evil_eye, layout_rooms, hangedman_feature_mirror
D:3:      layout_rooms, mainiacjoe_overflow_surrounded_room, serial_shops,
          nicolae_shop_window_shopping
D:4:      layout_basic, minmay_temple_entry_sparse_star, gammafunk_ghost_split,
          uniq_menkaure, uniq_ijyb
Temple:   nicolae_temple_ecumenical_triangle

Skill      XL: |  1  2  3  4 |
---------------+-------------+-----
Conjurations   | 2 3 4 |  4.0
Dodging        | 2 |  2.1
Stealth        | 2 |  2.0
Spellcasting   | |  2.0
Fire Magic     | |  3.5

Action                     |  1- 3 |  4- 6 || total
---------------------------+-------+-------++-------
  Melee: Whip              |     5 |       ||     5
         Unarmed           |     1 |       ||     1
         Staff             |    29 |     8 ||    37
         Tailslap          |     4 |       ||     4
         Punch             |     1 |       ||     1
   Cast: Foxfire           |    79 |    35 ||   114
         Scorch            |     1 |       ||     1
    Use: Scroll            |     1 |     5 ||     6
         Potion            |       |     2 ||     2
 Armour: Skin              |    52 |     4 ||    56
  Dodge: Dodged            |   130 |    16 ||   146

Table legend: (Time is in decaauts)
 A = Elapsed time spent in this place.
 B = Non-inter-level travel time spent in this place.
 C = Inter-level travel time spent in this place.
 D = Time resting spent in this place.
 E = Time spent auto-exploring this place.
 F = Levels seen in this place.
 G = Mean time per level.
                   A        B        C        D        E       F      G
               +--------+--------+--------+--------+--------+-----+--------+
         Total |   2227 |    935 |   1292 |      0 |      0 |   5 |  445.4 |
       Dungeon |   2113 |    929 |   1184 |      0 |      0 |   4 |  528.2 |
        Temple |    114 |      6 |    108 |      0 |      0 |   1 |  114.0 |
               +--------+--------+--------+--------+--------+-----+--------+

Top non-repeatable levels by time:
     D:1: 857 daAuts
     D:2: 780 daAuts
     D:4: 314 daAuts
     D:3: 161 daAuts
  Temple: 114 daAuts
